AoeStats
← NDF

Enclosed

505577340Analyzed
1v1 RM · 22d ago on Sep 10, 2026· 77m 19s· 2 players
Game mode
Random Map
Map size
Tiny (2 player)
Population
200
Speed
Normal
Resources
Standard
Victory
Conquest
Starting age
Dark Age
Ending age
Imperial Age
RankedLock teamsTeams togetherTeam positionsShared explorationLock speedFull tech treeHidden civsTurbo modeCheats
Victory
Defeat
🇦🇷 Teutons · Argentina
523
+9
🇧🇬 Britons · Bulgaria
361
-9
wierd-
2:14 Loom
10:29 Feudal Age
11:29 Double-Bit Axe
13:33 Wheelbarrow
16:40 Town Watch
19:45 Castle Age
18:10 Padded Archer Armor
18:01 Fletching
19:01 Forging
18:51 Gold Mining
23:55 Stone Mining
24:42 Gold Shaft Mining
24:36 Horse Collar
27:10 Hand Cart
28:32 Ballistics
28:22 Fortified Wall
31:38 Leather Archer Armor
31:19 Bodkin Arrow
33:28 Yeomen
33:53 Husbandry
34:17 Treadmill Crane
41:09 Scale Mail Armor
41:47 Bow Saw
42:52 Scale Barding Armor
48:43 Imperial Age
48:50 Imperial Age
47:00 Chain Mail Armor
50:08 Iron Casting
50:45 Hoardings
50:09 Cavalier
50:58 Sappers
56:28 Leather Archer Armor
56:09 Bodkin Arrow
56:45 Plate Mail Armor
57:31 Sanctity
57:54 Heavy Plow
60:53 Devotion
NDF
2:56 Loom
13:19 Feudal Age
13:25 Man-at-Arms
20:36 Castle Age
19:30 Arson
20:03 Double-Bit Axe
20:40 Horse Collar
21:46 Elite Skirmisher
24:07 Fletching
24:18 Padded Archer Armor
28:38 Heavy Plow
31:28 Masonry
32:06 Leather Archer Armor
32:05 Forging
37:48 Wheelbarrow
40:23 Imperial Age
38:13 Gold Mining
38:14 Stone Mining
38:44 Bodkin Arrow
38:51 Scale Mail Armor
40:45 Squires
43:50 Ironclad
42:58 Pikeman
44:03 Chain Mail Armor
44:57 Bow Saw
46:23 Stone Shaft Mining
46:37 Elite Teutonic Knight
49:33 Sappers
49:44 Capped Ram
50:51 Halberdier
57:46 Two-Man Saw
58:51 Hand Cart
58:22 Town Watch
59:21 Iron Casting
61:58 Hoardings
67:41 Blast Furnace
67:12 Plate Mail Armor
66:50 Scale Barding Armor
67:52 Crop Rotation
69:41 Fortified Wall
75:42 Redemption
75:33 Atonement
75:44 Fervor
75:50 Block Printing
76:00 Illumination
75:36 Devotion
75:56 Sanctity
75:58 Heresy
76:13 Theocracy
77:26 Chain Barding Armor
77:37 Ring Archer Armor
77:19 Siege Engineers
77:01 Arrowslits
77:06 Guard Tower
77:37 Ballistics
77:08 Heated Shot
78:18 Chemistry
Connection lost

Rejoining the realm…

Still unreachable

The connection could not be restored.

Session expired

The server has moved on; the page needs a fresh start.